 Dungeon Crawl Stone Soup version bcrawl-1.21.3-2-g9d8a61a446 (webtiles) character file.

Game seed: 6121528908465848077

8621 Ashen the Thaumaturge (level 11, 0/97 HPs)
             Began as a Djinni Reaver on Apr 14, 2020.
             Was a High Priest of Vehumet.
             Hit by a large rock thrown by a cyclops (28 damage)
             ... in the Orcish Mines.
             The game lasted 00:42:42 (12701 turns).

Ashen the Thaumaturge (Djinni Reaver)              Turns: 12701, Time: 00:42:43

Health: 0/97       AC:  9    Str: 13    XL:     11   Next: 12%
Magic:  10/25      EV: 15    Int: 21    God:    Vehumet [*****.]
Gold:   368        SH:  0    Dex:  9    Spells: 13/31 levels left

rFire    . . .     SeeInvis .   y - +8 quarterstaff "Ohuoxuh" {vamp, rElec MR+}
rCold    + + .     Gourm    .   (shield currently unavailable)
rNeg     . . .     Faith    +   b - +0 steam dragon scales
rPois    +         Spirit   .   g - +1 hat
rElec    +         Reflect  .   u - scarf {cloud immunity}
rCorr    .         Harm     .   F - +2 pair of gloves
MR       +++..     Rnd*Rage +   (boots unavailable)
Stlth    ++........             K - amulet of faith
HPRegen  0.26/turn              o - ring of protection from cold
MPRegen  0.19/turn              r - ring of poison resistance

@: flying, drained
A: never pass out, berserk 2, blink, blurry vision 2, cold resistance 1, magic
resistance 1, mutation resistance 1, wild magic 3, MP-powered wands, floating
a: Blink, Renounce Religion


You were in the Orcish Mines.
You worshipped Vehumet.
Vehumet was extremely pleased with you.
You were hungry.

You visited 3 branches of the dungeon, and saw 12 of its levels.
You also visited: Ossuary.

You collected 813 gold pieces.
You spent 445 gold pieces at shops.

Inventory:

Hand Weapons
 a - a +1 long sword of flaming
 y - the +8 quarterstaff "Ohuoxuh" (weapon) {vamp, rElec MR+}
   (You found it on level 4 of the Dungeon)

   It inflicts no extra harm, but heals its wielder when it wounds a living foe.
   It insulates you from electricity.
   It affects your resistance to hostile enchantments.
Armour
 b - +0 steam dragon scales (worn)
 g - a +1 hat (worn)
 l - a +2 chain mail of cold resistance
 u - a scarf of cloud immunity (worn)
 E - a +1 robe
 F - a +2 pair of gloves (worn)
 G - a +0 medium shield
 I - a +2 robe of positive energy
Jewellery
 o - a ring of protection from cold (left hand)
 r - a ring of poison resistance (right hand)
 B - the amulet of Eternity {Spirit *Contam +Inv rC+ rN+}
   (You found it on level 5 of the Dungeon)

   [amulet of guardian spirit]

   It causes incoming damage to be split between your health and magic.
   It protects you from cold.
   It protects you from negative energy.
   It lets you turn invisible.
   It causes magical contamination when unequipped.
 J - an uncursed ring of fire {unknown}
 K - an amulet of faith (around neck)
Wands
 i - a wand of random effects (18)
 m - a wand of acid (14)
 t - a wand of digging (13)
 L - a wand of polymorph (27)
 O - a wand of flame (13)
Scrolls
 d - 3 scrolls of immolation
 h - 5 scrolls of enchant weapon
 n - 2 scrolls of remove curse
 q - a scroll of identify
 s - 3 scrolls of amnesia
 v - a scroll of fog
 w - 3 scrolls of fear
 H - 5 scrolls of teleportation
Potions
 c - 3 potions of haste
 f - a potion of flight {unknown}
 j - 4 potions of lignification {unknown}
 k - 4 potions of heal wounds
 p - 2 potions of brilliance {unknown}
 x - 3 potions of might {unknown}
 z - 6 potions of curing {unknown}
 A - a potion of ambrosia {unknown}
 C - a potion of resistance {unknown}
 D - 2 potions of mutation
Miscellaneous
 N - a lamp of fire
Comestibles
 e - 11 rations {!d}


   Skills:
 + Level 9.5(8.8) Fighting
 - Level 4.0(3.4) Long Blades
 + Level 8.8(8.1) Dodging
 - Level 3.0(2.4) Stealth
 + Level 10.9(10.2) Spellcasting
 + Level 8.7(8.0) Conjurations
 - Level 5.0(4.3) Evocations


You had 13 spell levels left.
You knew the following spells:

 Your Spells              Type           Power        Failure   Level  Hunger
a - Magic Dart            Conj           ####         1%          1    None
b - Fulminant Prism       Conj/Hex       ######....   9%          4    ##.....
c - Searing Ray           Conj           ######..     1%          2    None
d - Sticky Flame          Conj/Fire      ######..     9%          4    ##.....
e - Flaming Arrows        Chrm/Fire      ###.....     28%         2    None
f - Iskenderun's Battles  Conj/Chrm      ######..     19%         5    ####...

Your spell library contained the following spells:

 Spells                   Type           Power        Failure   Level  Hunger
 Flame Tongue             Conj/Fire      #####        2%          1    None
 Conjure Flame            Conj/Fire      ######..     4%          3    None
 Inner Flame              Hex/Fire       N/A          13%         3    None
 Fireball                 Conj/Fire      ######....   19%         5    ####...


Dungeon Overview and Level Annotations

Branches:
Dungeon (10/12)            Temple (1/1) D:6            Lair (0/6) D:7
    Orc (1/1) D:9
    Elf: Orc:1

Altars:
Ashenzari
Cheibriados
Dithmenos
Fedhas
Hepliaklqana
Kikubaaqudgha
Lugonu
Makhleb
Nemelex Xobeh
Okawaru
Qazlal
Ru
Sif Muna
Trog
Uskayaw
Vehumet
Wu Jian
Xom
Yredelemnul
The Shining One

Shops:
D:5 [   D:8 (   D:9 %   D:10 }

Annotations:
D:3 2 runed translucent doors, exclusion: sky beast, dscm's ghost, amateur OpAc
D:7 2 transporters, Lazarus1551's ghost, novice DrWz


Innate Abilities, Weirdness & Mutations

You never pass out after going berserk.
You often lose your temper in combat.
You can translocate small distances at will.
Scrolls take you longer to read.
Your spells are much harder to cast, but much more powerful.
You expend magic power (3 MP) to strengthen your wands.
Your body floats in the air.
Your flesh is cold resistant. (rC+)
You are resistant to hostile enchantments. (MR+)
You are somewhat resistant to further mutation.


Message History

The orc priest calls down the wrath of Beogh upon you.
Beogh smites you! The orc wizard barely misses you.
The orc knight roars a battlecry!
The orcs go into a battle-frenzy!
The orc warrior shouts!
You thump the orc priest!
You feel better.
The orc priest is heavily wounded.
You hear a shout!
The orc wizard closely misses you.
The orc knight roars a battlecry!
The orc wizard goes into a battle-frenzy!
The orc priest hits you with a +0 short sword!
* * * LOW HITPOINT WARNING * * *
A cyclops comes into view.
An ogre comes into view. It is wielding a +0 giant club.
The orc priest invokes the aid of Beogh against you.
You resist with almost no effort.
The cyclops throws a large rock.
The large rock hits you!!
You die...

##.........#.#.........
.......................
........#......∩......
......####........#..
.....####..........# .
......#.#.........# ...
.....##..........o##.C..
)...........o.o.o^....O.
...........o...o@..o....
...........##...........
#.........####.........#
###.....#.# ##.......##
####..### ##.#...##
##..###### ###.###
#....#...## ##
##........# #....)...##


You could see an orc knight, a cyclops, an orc warrior, an ogre (wandering), 2
orc priests, 2 orc wizards and an orc.

Vanquished Creatures
  The ghost of Bidurosky the Archer, a novice CeHu of Gozag (D:8)
  3 death yaks
  A moth of wrath (D:8)
  A hornet (D:8)
  2 hippogriffs
  A hungry ghost (D:8)
  2 crocodiles
  A porcupine (D:7)
  An ice beast (D:8)
  4 orc warriors
  A hornet zombie (D:6)
  3 black bears
  3 ogres
  3 centaurs
  5 bullfrogs
  4 big kobolds
  A gnoll sergeant (D:8)
  A wyvern zombie (D:7)
  2 scorpions
  6 killer bees (D:9)
  4 crimson imps
  A bullfrog zombie (D:7)
  6 centaur zombies
  10 orc priests
  7 hounds
  3 jellies
  14 orc wizards
  A bullfrog skeleton (D:7)
  A hell rat (D:7)
  3 iguanas
  6 worker ants
  A killer bee zombie (D:6)
  An ogre zombie (Ossuary)
  A hound skeleton (D:7)
  7 mummies (Ossuary)
  A howler monkey skeleton (D:4)
  4 gnolls
  10 adders
  An ooze (D:6)
  An adder skeleton (D:2)
  5 adder zombies (Ossuary)
  3 worms
  2 dart slugs (D:2)
  6 leopard geckos
  35 orcs
  7 bats
  4 giant cockroaches
  8 goblins
  11 hobgoblins
  7 jackals
  2 quokkas (D:3)
  4 frilled lizards
  4 goblin zombies (Ossuary)
  6 hobgoblin zombies (Ossuary)
  A jackal zombie (D:5)
  27 kobolds
  6 kobold zombies (Ossuary)
  A quokka skeleton (D:4)
  A quokka zombie (Ossuary)
  10 rats
  3 rat zombies (Ossuary)
282 creatures vanquished.

Vanquished Creatures (others)
  A fulminant prism (D:8)
1 creature vanquished.

Grand Total: 283 creatures vanquished

Notes
Turn   | Place    | Note
-------+----------+-------------------------------------------
     0 | D:1      | Ashen the Djinni Reaver began the quest for the Orb.
     0 | D:1      | Reached XP level 1. HP: 19/19 MP: 4/4
   107 | D:1      | Reached XP level 2. HP: 20/26 MP: 6/6
   559 | D:1      | Reached XP level 3. HP: 31/33 MP: 7/7
   618 | D:1      | Reached * piety under Vehumet
   618 | D:1      | Offered knowledge of Magic Dart by Vehumet.
   621 | D:1      | Learned a level 1 spell: Magic Dart
  1145 | D:2      | Found a shimmering altar of Xom.
  1589 | D:2      | Noticed a phantom
  1664 | D:2      | Found a shadowy altar of Dithmenos.
  1680 | D:2      | Reached skill level 1 in Stealth
  1750 | D:2      | Offered knowledge of Sting by Vehumet.
  1750 | D:2      | Gained mutation: Your spells are harder to cast, but more
                  | powerful. [Djinni growth]
  1750 | D:2      | Gained mutation: You can translocate small distances at
                  | will. [Djinni growth]
  1750 | D:2      | Reached XP level 4. HP: 40/40 MP: 9/9
  1753 | D:2      | Learned a level 1 spell: Sting
  1893 | D:2      | Reached ** piety under Vehumet
  1951 | D:2      | Found a snail-covered altar of Cheibriados.
  2350 | D:3      | Noticed a sky beast
  2424 | D:3      | Reached skill level 1 in Conjurations
  2439 | D:3      | HP: 2/40 [hound (3)]
  2442 | D:3      | Gained mutation: You are resistant to hostile enchantments.
                  | (MR+) [potion of mutation]
  2442 | D:3      | Gained mutation: Your flesh is cold resistant. (rC+)
                  | [potion of mutation]
  2442 | D:3      | Gained mutation: You are somewhat resistant to further
                  | mutation. [potion of mutation]
  2513 | D:3      | Reached XP level 5. HP: 38/46 MP: 5/10
  2559 | D:3      | Reached skill level 4 in Spellcasting
  2733 | D:3      | Found a runed translucent door.
  2733 | D:3      | Noticed dscm's ghost (amateur OpAc)
  2901 | D:3      | Found a runed translucent door.
  3355 | D:3      | Noticed a hungry ghost
  3445 | D:4      | Found a sand-covered staircase.
  3452 | Ossuary  | Entered an ossuary
  3542 | Ossuary  | Offered knowledge of Searing Ray by Vehumet.
  3546 | Ossuary  | Learned a level 2 spell: Searing Ray
  3649 | Ossuary  | Reached XP level 6. HP: 48/53 MP: 12/12
  3713 | Ossuary  | Reached *** piety under Vehumet
  4033 | Ossuary  | Offered knowledge of Inner Flame by Vehumet.
  4040 | Ossuary  | Reached skill level 5 in Spellcasting
  4395 | D:4      | Reached XP level 7. HP: 52/60 MP: 14/14
  4495 | D:4      | Got an iridescent quarterstaff
  4609 | D:4      | Reached skill level 5 in Fighting
  5235 | D:5      | Entered Level 5 of the Dungeon
  5481 | D:5      | Got a vibrating amethyst amulet
  5482 | D:5      | Identified the amulet of Eternity {Spirit *Contam +Inv rC+
                  | rN+} (You found it on level 5 of the Dungeon)
  5625 | D:5      | Found Zuacraha's Antique Armour Shop.
  5674 | D:5      | Bought a runed robe for 74 gold pieces
  5674 | D:5      | Bought a pair of runed gloves for 150 gold pieces
  5730 | D:5      | Reached skill level 6 in Spellcasting
  5920 | D:5      | Found an ornate altar of the Wu Jian Council.
  5936 | D:5      | Reached skill level 5 in Dodging
  5936 | D:5      | Gained mutation: Your spells are much harder to cast, but
                  | much more powerful. [Djinni growth]
  5936 | D:5      | Reached XP level 8. HP: 69/69 MP: 7/17
  6010 | D:5      | Learned a level 4 spell: Sticky Flame
  6013 | D:5      | Learned a level 2 spell: Flaming Arrows
  6383 | D:6      | Found a sparkling altar of Nemelex Xobeh.
  6929 | D:6      | Reached **** piety under Vehumet
  7470 | D:6      | Reached skill level 7 in Spellcasting
  7470 | D:6      | Reached skill level 5 in Conjurations
  7670 | D:6      | Found a bloodstained altar of Trog.
  7966 | D:6      | Learned a level 5 spell: Iskenderun's Battlesphere
  7975 | D:6      | Offered knowledge of Mephitic Cloud by Vehumet.
  8027 | D:6      | Found a staircase to the Ecumenical Temple.
  8122 | Temple   | Entered the Ecumenical Temple
  8331 | D:6      | Reached skill level 1 in Evocations
  8331 | D:6      | Reached XP level 9. HP: 57/78 MP: 15/20
  8679 | D:7      | Noticed a death yak
  8679 | D:7      | Noticed a death yak
  8711 | D:6      | Killed a death yak
  8711 | D:6      | Reached skill level 8 in Spellcasting
  8920 | D:7      | Found a staircase to the Lair.
  8925 | D:7      | Noticed a death yak
  9449 | D:7      | Found a transporter.
  9453 | D:7      | Found a transporter.
  9491 | D:7      | Noticed a queen bee
  9639 | D:7      | Identified the +8 quarterstaff "Ohuoxuh" {vamp, rElec MR+}
                  | (You found it on level 4 of the Dungeon)
  9763 | D:7      | Noticed Lazarus1551's ghost (novice DrWz)
  9802 | D:7      | Killed a death yak
  9802 | D:7      | Reached skill level 9 in Spellcasting
  9802 | D:7      | Reached XP level 10. HP: 55/88 MP: 9/23
 10026 | D:7      | Killed a death yak
 10193 | D:7      | Reached skill level 5 in Evocations
 10206 | D:7      | Got a steaming dagger
 10470 | D:8      | Found a transporter.
 10707 | D:8      | Reached ***** piety under Vehumet
 10757 | D:8      | Offered knowledge of Fulminant Prism by Vehumet.
 10760 | D:8      | Reached skill level 10 in Spellcasting
 10779 | D:8      | Learned a level 4 spell: Fulminant Prism
 10831 | D:8      | Found Zathrumoh's Antique Weapon Shoppe.
 10839 | D:8      | Bought a dazzling long sword for 221 gold pieces
 10841 | D:8      | Identified the cursed +1 long sword "Peutaj" {drain, Dex+3}
                  | (You bought it in a shop on level 8 of the Dungeon)
 10843 | D:8      | Identified the +6 dagger of Entrepreneurial Spirit
                  | {antimagic, rC+} (You found it on level 7 of the Dungeon)
 11019 | D:8      | Noticed a moth of wrath
 11033 | D:8      | Found a transporter.
 11052 | D:8      | Noticed Bidurosky's ghost (novice CeHu)
 11098 | D:8      | Killed a moth of wrath
 11261 | D:8      | Killed Bidurosky's ghost
 11479 | D:9      | Reached XP level 11. HP: 54/97 MP: 22/25
 11646 | D:9      | Found a staircase to the Orcish Mines.
 11771 | D:9      | Found a burning altar of Makhleb.
 11820 | D:9      | Found Qengahat's Food Shoppe.
 12065 | D:10     | Entered Level 10 of the Dungeon
 12065 | D:10     | Found Jifos's Gadget Shop.
 12065 | D:10     | Noticed a wolf spider
 12084 | Orc      | Entered the Orcish Mines
 12672 | Orc      | Noticed an orc knight
 12700 | Orc      | Noticed a cyclops
 12701 | Orc      | Hit by a large rock thrown by a cyclops

Skill      XL: |  1  2  3  4  5  6  7  8  9 10 |
---------------+-------------------------------+-----
Stealth        | 1 2 3 |  3.0
Long Blades    | 4 |  4.0
Conjurations   | 1 2 3 4 5 7 8 |  8.7
Fighting       | 4 5 6 8 9 |  9.5
Spellcasting   | 4 5 6 7 9 10 | 10.9
Dodging        | 4 5 6 7 8 |  8.8
Evocations     | 1 4 5 |  5.0

Action                   |  1- 3 |  4- 6 |  7- 9 | 10-12 || total
-------------------------+-------+-------+-------+-------++-------
Melee: Long sword        |   147 |   280 |   224 |       ||   651
       Quarterstaff      |       |       |     7 |   181 ||   188
 Cast: Magic Dart        |    53 |    69 |   134 |    35 ||   291
       Searing Ray       |       |     4 |     6 |     3 ||    13
       Sticky Flame      |       |       |    19 |    22 ||    41
       Flaming Arrows    |       |       |     2 |       ||     2
       Iskenderun's Batt |       |       |       |     1 ||     1
       Fulminant Prism   |       |       |       |     1 ||     1
 Abil: Blink             |       |     1 |     2 |       ||     3
  Use: Potion            |       |     3 |       |       ||     3
       Scroll            |       |     3 |     2 |     8 ||    13
 Stab: Distracted        |     1 |       |       |       ||     1
       Sleeping          |     1 |     8 |     1 |     2 ||    12
  Eat: Chunk             |     3 |     6 |    15 |     9 ||    33
       Ration            |       |     1 |     3 |       ||     4
Armor: Steam dragon scal |    63 |    67 |   105 |    92 ||   327
Dodge: Dodged            |   136 |   177 |   224 |   258 ||   795
